 Dungeon Crawl Stone Soup version 0.28-a0-199-g298df9dbad (webtiles) character file.

Game seed: 15936462623742042197

431 Pinpinou33 the Sneak (level 6, -1/36 HPs)
             Began as a Vampire Enchanter on Aug 19, 2021.
             Killed from afar by an orc wizard (6 damage)
             ... with a puff of flame
             ... on level 6 of the Dungeon.
             The game lasted 00:18:10 (4819 turns).

Pinpinou33 the Sneak (Vampire Enchanter)            Turns: 4819, Time: 00:18:10

Health: -1/36      AC:  4    Str:  6 (7)  XL:     6   Next: 66%
Magic:  1/11       EV: 12    Int: 17 (19) God:
Gold:   213        SH:  0    Dex: 12 (15) Spells: 3/11 levels left

rFire   . . .      SeeInvis +   a - +1 dagger
rCold   . . .      Faith    .   (no shield)
rNeg    . . .      Spirit   .   b - +0 robe
rPois   .          Reflect  .   (no helmet)
rElec   .          Harm     .   (no cloak)
rCorr   .          Rampage  .   e - +0 pair of gloves
Will    .....                   l - +0 pair of boots
Stlth   +.........              (no amulet)
HPRegen 0.32/turn               (no ring)
MPRegen 0.12/turn               (no ring)

@: confused, flying, healing quickly
A: alive, fangs 3, see invisible, vampiric 2, [frail 1]
a: Exsanguinate


You were on level 6 of the Dungeon.
You visited 1 branch of the dungeon, and saw 6 of its levels.

You collected 213 gold pieces.

Inventory:

Hand Weapons
 a - a +1 dagger (weapon)
 c - a +6 scythe of freezing
 m - a +0 rapier
Missiles
 n - 7 boomerangs (quivered)
 r - 14 poisoned darts
Armour
 b - a +0 robe (worn)
 e - a +0 pair of gloves (worn)
 l - a +0 pair of boots (worn)
Wands
 p - a wand of polymorph (6)
 s - a wand of flame (10)
Scrolls
 d - a scroll of magic mapping {unknown}
 f - a scroll of vulnerability {unknown}
 h - 3 scrolls of identify {unknown}
 i - a scroll of amnesia {unknown}
 j - 2 scrolls of teleportation {unknown}
 k - a scroll of fog {unknown}
 o - 2 scrolls of silence {unknown}
 q - a scroll of brand weapon {unknown}
 t - a scroll of fear {unknown}


   Skills:
 - Level 2.0 Short Blades
 - Level 2.1 Dodging
 * Level 7.6 Stealth
 + Level 3.3 Spellcasting
 + Level 1.3 Conjurations
 + Level 6.2 Hexes
 + Level 2.1 Ice Magic


You had 3 spell levels left.
You knew the following spells:

 Your Spells              Type           Power      Damage    Failure   Level
a - Confusing Touch       Hex            23%        N/A       4%          3
e - Dazzling Flash        Conj/Hex       30%        N/A       11%         3
z - Ensorcelled Hibernat  Hex/Ice        34%        N/A       4%          2

Your spell library contained the following spells:

 Spells                   Type           Power      Damage    Failure   Level
 Tukima's Dance           Hex            23%        N/A       4%          3
 Summon Lightning Spire   Summ/Air       2%         N/A       86%         4
 Storm Form               Tmut/Air       1%         N/A       100%        7
 Maxwell's Capacitive Co  Air            1%         ∞         100%        8


Dungeon Overview and Level Annotations

Branches:
Dungeon (6/15)
 Temple: D:4-7

Altars:

Shops:
D:3 :

Annotations:
D:4 1 runed translucent door, Crazy Yiuf


Innate Abilities, Weirdness & Mutations

Your natural rate of healing is accelerated.
You have razor-sharp teeth.
You have supernaturally acute eyesight. (SInv)
You are afflicted with vampirism and can become a bat while bloodless.
[You are frail. (-10% HP)]


Message History

2 orcs and an orc wizard come into view.
Found 14 gold pieces.
There is a stone staircase leading up here.
The orc wizard shouts!
The orc shouts!
The orc wizard misses you.
Casting: Ensorcelled Hibernation (safe; 4% risk of failure)
Confirm with . or Enter, or press ? or * to list all spells.
Aiming: Ensorcelled Hibernation (safe; 4% risk of failure)
Press: ? - help, Shift-Dir - straight line, f - orc wizard
Aim: an orc wizard, wielding a +0 dagger and wearing a +0 robe (chance to affect: 48%)
Okay, then.
Casting: Ensorcelled Hibernation (safe; 4% risk of failure)
Confirm with . or Enter, or press ? or * to list all spells.
The spell is quite dangerous to cast (11% risk of failure)!
Continue anyway?
The orc is dazzled. x2; The orc wizard is dazzled.
The orc closely misses you. The orc wizard completely misses you.
You hit the orc wizard but do no damage.
You miss the orc wizard. The orc hits you but does no damage.
The orc wizard points at you and mumbles some strange words.
You are confused.
The orc barely misses you.
You're too confused to move!
The orc is no longer blind.
The orc hits you with a +0 whip. The orc wizard barely misses you.
You hit the orc wizard but do no damage.
The orc is no longer blind.
The orc wizard casts a spell at you. The magic dart hits you!
* * * LOW HITPOINT WARNING * * *
The orc barely misses you. x2
The orc wizard is no longer blind.
The orc wizard gestures at you while chanting.
The puff of flame hits you.
* * * LOW HITPOINT WARNING * * *
You aren't carrying any potions.
You are too confused!
A jelly comes into view.
The jelly quivers.
The orc wizard gestures at you while chanting.
The puff of flame hits you.
You die...

.........
#........
#........
#........
#........
#........
#........
###@.......
##o........J
###$oo.......#
#....<.####..#
#.....### .#
#.....### #
....## ...#
.##


You could see a jelly, an orc wizard and 2 orcs.

Vanquished Creatures
  Sigmund (D:4)
  A sky beast (D:5)
  Ijyb (D:4)
  3 orc wizards
  2 adders
  A white imp (D:5)
  2 worms (D:3)
  A dart slug (D:3)
  4 orcs
  3 endoplasms
  A giant cockroach (D:3)
  6 goblins
  3 hobgoblins (D:1)
  6 kobolds
  5 ball pythons
  2 bats
  2 frilled lizards
  A rat (D:1)
45 creatures vanquished.

Notes
Turn   | Place    | Note
-------+----------+-------------------------------------------
     0 | D:1      | Pinpinou33 the Vampire Enchanter began the quest for the
                  | Orb.
     0 | D:1      | Reached XP level 1. HP: 13/13 MP: 3/3
   529 | D:1      | Reached XP level 2. HP: 15/15 MP: 5/5
   539 | D:1      | Learned a level 2 spell: Ensorcelled Hibernation
  1279 | D:1      | Reached skill level 5 in Stealth
  1279 | D:1      | Gained mutation: You are afflicted with vampirism and can
                  | become a bat while bloodless. [Vampire growth]
  1279 | D:1      | Reached XP level 3. HP: 17/19 MP: 1/6
  1283 | D:1      | Learned a level 3 spell: Confusing Touch
  1366 | D:1      | Reached skill level 5 in Hexes
  1451 | D:2      | Reached XP level 4. HP: 20/24 MP: 4/7
  1455 | D:2      | Learned a level 3 spell: Dazzling Flash
  1906 | D:2      | Found a faded altar of an unknown god.
  2378 | D:3      | Found Feduuvor's Book Shop.
  3466 | D:4      | Noticed Sigmund
  3483 | D:3      | Reached skill level 6 in Stealth
  3742 | D:4      | Noticed Ijyb
  3758 | D:4      | Killed Ijyb
  4012 | D:4      | Killed Sigmund
  4013 | D:4      | Reached skill level 7 in Stealth
  4013 | D:4      | Reached skill level 1 in Conjurations
  4013 | D:4      | Reached skill level 1 in Ice Magic
  4013 | D:4      | Reached XP level 5. HP: 8/31 MP: 9/9
  4013 | D:4      | Reached XP level 6. HP: 10/36 MP: 10/10
  4380 | D:4      | Found a runed translucent door.
  4381 | D:4      | Noticed Crazy Yiuf
  4433 | D:5      | Entered Level 5 of the Dungeon
  4640 | D:5      | Noticed a sky beast
  4652 | D:5      | Killed a sky beast
  4819 | D:6      | Killed from afar by an orc wizard

Illustrated notes

Levels and vault maps discovered:
D:1:      dpeg_arrival_lava_temple_mockup, layout_loops_cross
D:2:      layout_rooms, serial_rivers, chequers_serial_rivers_room_a,
          chequers_serial_rivers_small_b, chequers_serial_rivers_room_b,
          chequers_serial_rivers_small_3, hellmonk_ecumenical_altar_run_dry
D:3:      minmay_wonky_spiral, layout_basic, serial_shops, shop
D:4:      layout_loops_cross, zin_scriptorium, uniq_crazy_yiuf_cottage,
          uniq_sigmund, uniq_ijyb
D:5:      cheibrodos_barr_body, layout_gridville,
          chequers_temple_overflow_statue_of_worship, mainiacjoe_overflow_swirl,
          minmay_statues_item
D:6:      layout_cave_pods, lemuel_round_altar, minmay_temple_entry_arrows,
          cheibrodos_sewer_entry_bend, hangedman_glass_teeth,
          hangedman_abyss_or_decor_lesser_grid

Skill      XL: |  1  2  3  4  5  6 |
---------------+-------------------+-----
Short Blades   | 2 |  2.0
Stealth        | 5 7 |  7.6
Hexes          | 5 6 |  6.2
Spellcasting   | 3 |  3.3
Conjurations   | 1 |  1.3
Ice Magic      | 1 2 |  2.1
Dodging        | |  2.1

Action                   |  1- 3 |  4- 6 || total
-------------------------+-------+-------++-------
Melee: Dagger            |    39 |    78 ||   117
       Bite              |     1 |     6 ||     7
 Cast: Ensorcelled Hiber |    14 |    32 ||    46
       Confusing Touch   |     1 |     4 ||     5
       Dazzling Flash    |       |     1 ||     1
 Abil: Exsanguinate      |     1 |       ||     1
       Revivify          |       |     1 ||     1
  Use: Potion            |       |    10 ||    10
 Stab: Sleeping          |    15 |    24 ||    39
       Confused          |     1 |     4 ||     5
       Distracted        |       |     1 ||     1
Armor: Robe              |     5 |    15 ||    20
Dodge: Dodged            |    18 |    45 ||    63

Table legend: (Time is in decaauts)
 A = Elapsed time spent in this place.
 B = Non-inter-level travel time spent in this place.
 C = Inter-level travel time spent in this place.
 D = Time resting spent in this place.
 E = Time spent auto-exploring this place.
 F = Levels seen in this place.
 G = Mean time per level.
                   A        B        C        D        E       F      G
               +--------+--------+--------+--------+--------+-----+--------+
         Total |   4833 |   4486 |    347 |      4 |   3717 |   6 |  805.5 |
       Dungeon |   4833 |   4486 |    347 |      4 |   3717 |   6 |  805.5 |
               +--------+--------+--------+--------+--------+-----+--------+

Top non-repeatable levels by time:
     D:1: 1647 daAuts
     D:3: 1181 daAuts
     D:4: 852 daAuts
     D:2: 769 daAuts
     D:5: 373 daAuts
     D:6: 8 daAuts
